 Dungeon Crawl Stone Soup version 0.26-a0-661-g406de6ba63 (webtiles) character file.

Game seed: 4028785712335800319

27 tom967 the Conjurer (level 2, 0/22 HPs)
             Began as a Draconian Conjurer on Oct 8, 2020.
             Was an Initiate of Fedhas.
             Slain by Sigmund
             ... wielding a +2 scythe of flaming
              (6 damage)
             ... on level 2 of the Dungeon.
             The game lasted 00:14:56 (1392 turns).

tom967 the Conjurer (Draconian Conjurer)            Turns: 1392, Time: 00:15:02

Health: 0/22       AC:  4    Str:  9    XL:     2   Next: 93%
Magic:  5/5        EV: 12    Int: 18    God:    Fedhas [......]
Gold:   160        SH:  0    Dex:  9    Spells: 2/5 levels left

rFire    + . .     SeeInvis .   j - +0 spear
rCold    . . .     Faith    .   (no shield)
rNeg     . . .     Spirit   .   (armour unavailable)
rPois    .         Reflect  .   (helmet restricted)
rElec    .         Harm     .   (no cloak)
rCorr    .         Rampage  .   (no gloves)
MR       .....                  (no boots)
Stlth    ++........             (no amulet)
HPRegen  0.07/turn              b - ring of protection from fire
MPRegen  0.09/turn              (no ring)

@: stab, flying
A: unfitting armour, cold-blooded, AC +4
a: Renounce Religion


You were on level 2 of the Dungeon.
You worshipped Fedhas.
Fedhas was noncommittal.
You visited 1 branch of the dungeon, and saw 2 of its levels.

You collected 160 gold pieces.

Inventory:

Hand Weapons
 i - a +0 short sword
 j - a +0 spear (weapon)
Missiles
 a - 84 stones
 e - 5 boomerangs
 g - 22 sling bullets
 o - 5 atropa-tipped darts (quivered)
Armour
 d - a cursed +0 scale mail
Jewellery
 b - a ring of protection from fire (left hand)
Scrolls
 c - a scroll of remove curse
 h - a scroll of amnesia
 k - a scroll of fog
 l - a scroll of random uselessness {unknown}
 n - a scroll of teleportation {unknown}


   Skills:
 * Level 0.3 Fighting
 - Level 1.7 Dodging
 - Level 1.7 Stealth
 - Level 0.2 Unarmed Combat
 * Level 2.2 Spellcasting
 * Level 4.7 Conjurations


You had 2 spell levels left.
You knew the following spells:

 Your Spells              Type           Power        Failure   Level
a - Magic Dart            Conj           ###.         2%          1
b - Searing Ray           Conj           ###...       3%          2

Your spell library contained the following spells:

 Spells                   Type           Power        Failure   Level
 Dazzling Flash           Conj/Hex       ##....       21%         3
 Fulminant Prism          Conj/Hex       ##........   54%         4
 Iskenderun's Mystic Bla  Conj/Tloc      ##......     54%         4


Dungeon Overview and Level Annotations

Branches:
Dungeon (2/15)

Altars:
Fedhas

Annotations:
D:2 Sigmund


Innate Abilities, Weirdness & Mutations

Your plain brown scales are hard. (AC +4)
You cannot fit into any form of body armour.
You are cold-blooded and may be slowed by cold attacks.


Message History

Sigmund casts a spell at you.
You are confused.
Sigmund barely misses you.
You're too confused!
You bump into the rock wall.
Sigmund closely misses you.
You bump into the rock wall.
Sigmund casts a spell at you.
The puff of flame hits you but does no damage.
You resist.
You bump into the rock wall.
You feel less confused.
Quivering
o - 6 atropa-tipped darts for throwing.
Throwing (i - inventory. (/) - cycle)
o - 6 atropa-tipped darts (quivered)
Press: ? - help, Shift-Dir - straight line, f/p - Sigmund
Aim: Sigmund, wielding a +2 scythe of flaming and wearing a +0 robe (chance to blind on hit: 80%)
You throw an atropa-tipped dart.
The atropa-tipped dart closely misses Sigmund.
Sigmund hits you from afar with a +2 scythe of flaming.
You die...
Fedhas appreciates your contribution to the ecosystem.

.. #.### #. ..... #......
... #..#.. ... #..#.# ...
#####..#.# #.# .# .........#
#.######.# .........#
#.#......#
.........#######@#.#...<# .
.........#....##.#....... ..
###.#..#.#....##@#...####.#
...........................
................(......#####
#####..###....#####........#
# #..# #....# #......#. ..
....# #....# #.....##
######.# ##########.....#


You could see Sigmund.

Vanquished Creatures
  A worm (D:2)
  2 bats
  3 giant cockroaches (D:1)
  3 goblins (D:1)
  2 hobgoblins
  5 kobolds (D:1)
  4 frilled lizards (D:1)
  3 rats (D:1)
23 creatures vanquished.

Notes
Turn   | Place    | Note
-------+----------+-------------------------------------------
     0 | D:1      | tom967 the Draconian Conjurer began the quest for the Orb.
     0 | D:1      | Reached XP level 1. HP: 14/14 MP: 3/3
   317 | D:1      | Reached XP level 2. HP: 20/20 MP: 3/5
   950 | D:1      | Learned a level 2 spell: Searing Ray
  1183 | D:2      | Found a blossoming altar of Fedhas.
  1191 | D:2      | Became a worshipper of Fedhas Madash
  1362 | D:2      | Noticed Sigmund
  1392 | D:2      | Slain by Sigmund

Illustrated notes

Levels and vault maps discovered:
D:1:      dpeg_arrival_snail, layout_basic, roderic_lattice_a, feat_on_display
D:2:      layout_basic, fedhas_altar_3, uniq_crazy_yiuf_cottage, uniq_sigmund

Action                   || total
-------------------------++-------
Melee: Unarmed           ||     5
       Tailslap          ||     2
Throw: Stone             ||     4
       Dart              ||     1
 Cast: Magic Dart        ||    39
  Use: Scroll            ||     3
       Potion            ||     2
Armor: Skin              ||     4
Dodge: Dodged            ||     9

Table legend: (Time is in decaauts)
 A = Elapsed time spent in this place.
 B = Non-inter-level travel time spent in this place.
 C = Inter-level travel time spent in this place.
 D = Time resting spent in this place.
 E = Time spent auto-exploring this place.
 F = Levels seen in this place.
 G = Mean time per level.
                   A        B        C        D        E       F      G
               +--------+--------+--------+--------+--------+-----+--------+
         Total |   1394 |   1078 |    316 |      0 |    917 |   2 |  697.0 |
       Dungeon |   1394 |   1078 |    316 |      0 |    917 |   2 |  697.0 |
               +--------+--------+--------+--------+--------+-----+--------+

Top non-repeatable levels by time:
     D:1: 1080 daAuts
     D:2: 313 daAuts
